 Dungeon Crawl Stone Soup version 0.27-a0-668-gb5737ff2c0 (webtiles) character file.

Game seed: 17677345177430616863

1841493 ardl the Force of Nature (level 27, 149/149 HPs)
             Began as a Vine Stalker Monk on Mar 17, 2021.
             Was the Champion of Fedhas.
             Escaped with the Orb
             ... and 3 runes!
             The game lasted 02:39:10 (57947 turns).

ardl the Force of Nature (Vine Stalker Monk)       Turns: 57947, Time: 02:39:11

Health: 149/149    AC: 41    Str: 26    XL:     27
Magic:  37/37      EV: 25    Int: 12    God:    Fedhas [******]
Gold:   3830       SH: 16    Dex: 18    Spells: 26/26 levels left

rFire    . . .     SeeInvis +   a - +9 staff of Olgreb {rPois∞}
rCold    . . .     Faith    .   I - +2 kite shield {rPois}
rNeg     + . .     Spirit   +   S - +10 shadow dragon scales
rPois    ∞         Reflect  .   Q - +3 crown of Dyrovepreva {rElec Int+2 SInv}
rElec    +         Harm     .   R - +1 cloak
rCorr    .         Rampage  .   y - +2 pair of gloves
Will     ++++.                  j - +2 pair of boots
Stlth    +.........             r - amulet of regeneration
HPRegen  2.34/turn              Z - ring of the Hare {EV+8}
MPRegen  0.25/turn              G - ring "Tuongybu" {rElec rN+ Will+ Slay+4}

@: studying Polearms
A: fangs 3, regeneration 1, magic shield, antimagic bite, no potion heal 3
0: Orb of Zot
}: 3/15 runes: serpentine, barnacled, silver
a: Renounce Religion, Wall of Briars, Grow Ballistomycete, Overgrow, Grow Oklob


You escaped.
You worshipped Fedhas.
Fedhas was exalted by your worship.
You visited 11 branches of the dungeon, and saw 52 of its levels.
You also visited: Bailey.

You collected 9890 gold pieces.
You spent 6060 gold pieces at shops.

Inventory:

Hand Weapons
 a - the +9 staff of Olgreb (weapon) {rPois∞}
   (You found it on level 7 of the Dungeon)

   It may poison the flesh of those it strikes, and is more effective with a
   high Evocations skill.
   It enhances your poison magic.
   It grants immunity to poison.
   It can be evoked to poison those around you for a time.
 b - the +3 Elemental Staff {rElec rF++ rC++ Will++ AC+5}
   (You found it on level 5 of the Lair of Beasts)

   It affects your AC (+5).
   It greatly protects you from fire.
   It greatly protects you from cold.
   It insulates you from electricity.
   It affects your willpower, your defense against some magical effects.
Missiles
 w - 9 curare-tipped darts
 E - 69 silver javelins
 T - 8 throwing nets
Armour
 j - a +2 pair of boots (worn)
 y - a +2 pair of gloves (worn)
 I - a +2 kite shield of poison resistance (worn)
 Q - the +3 crown of Dyrovepreva (worn) {rElec Int+2 SInv}
   (You found it on level 5 of the Vaults)

   It affects your intelligence (+2).
   It insulates you from electricity.
   It lets you see invisible.
 R - a +1 cloak (worn)
 S - +10 shadow dragon scales (worn)
Jewellery
 r - an amulet of regeneration (around neck)
 F - a +4 ring of slaying
 G - the ring "Tuongybu" (left hand) {rElec rN+ Will+ Slay+4}
   (You bought it in a shop on level 1 of the Vaults)

   [ring of slaying]

   It affects your accuracy and damage with ranged weapons and melee attacks
   (+4).
   It insulates you from electricity.
   It protects you from negative energy.
   It affects your willpower, your defense against some magical effects.
 Z - the ring of the Hare (right hand) {EV+8}
   (You found it on level 1 of the Elven Halls)

   [ring of evasion]

   It affects your evasion (+8).
Wands
 f - a wand of acid (9)
 l - a wand of charming (32)
 m - a wand of polymorph (56)
 x - a wand of paralysis (19)
 D - a wand of digging (24)
 O - a wand of mindburst (46)
 V - a wand of iceblast (14)
Scrolls
 g - 8 scrolls of fear
 i - 29 scrolls of identify
 p - 7 scrolls of fog
 t - 14 scrolls of teleportation
 u - 3 scrolls of vulnerability
 A - 6 scrolls of immolation
 B - 6 scrolls of blinking
 J - 3 scrolls of summoning
 W - 3 scrolls of magic mapping
 X - 2 scrolls of holy word
Potions
 d - 4 potions of might
 e - 11 potions of flight
 h - 9 potions of haste
 k - 3 potions of attraction
 n - 8 potions of resistance
 o - 8 potions of mutation
 q - 24 potions of curing
 s - 10 potions of lignification
 v - 4 potions of ambrosia
 H - 5 potions of cancellation
 K - 3 potions of invisibility
 N - 6 potions of berserk rage
 Y - 6 potions of magic
Miscellaneous
 c - a box of beasts
 L - a lightning rod (4/4)
 M - a phantom mirror
 P - a tin of tremorstones (2/2)
 U - a condenser vane


   Skills:
 - Level 17.0 Fighting
 - Level 9.3(10.0) Short Blades
 - Level 5.4(8.1) Long Blades
 - Level 12.0 Staves
 - Level 18.0 Throwing
 - Level 17.0 Armour
 - Level 15.0 Dodging
 - Level 2.4 Stealth
 - Level 14.0 Shields
 + Level 18.5 Invocations
 - Level 17.0 Evocations


You had 26 spell levels left.
You didn't know any spells.
Your spell library contained the following spells:

 Spells                   Type           Power      Damage    Failure   Level
 Animate Skeleton         Necr           0%         N/A       78%         1
 Apportation              Tloc           0%         N/A       78%         1
 Beastly Appendage        Tmut           0%         N/A       78%         1
 Corona                   Hex            0%         N/A       78%         1
 Foxfire                  Conj/Fire      0%         2x1d4     78%         1
 Freeze                   Ice            0%         1d3       78%         1
 Pain                     Necr           0%         1d4       78%         1
 Sting                    Tmut/Pois      0%         1d3       78%         1
 Summon Small Mammal      Summ           0%         N/A       78%         1
 Corpse Rot               Necr/Air       N/A        N/A       89%         2
 Poisonous Vapours        Pois/Air       0%         N/A       89%         2
 Slow                     Hex            0%         N/A       89%         2
 Sublimation of Blood     Necr           0%         N/A       89%         2
 Wereblood                Tmut           0%         N/A       89%         2
 Call Canine Familiar     Summ           0%         N/A       98%         3
 Confusing Touch          Hex            0%         N/A       98%         3
 Conjure Flame            Conj/Fire      0%         6-21      98%         3
 Frozen Ramparts          Ice            0%         1d2       98%         3
 Gell's Gravitas          Tloc           0%         N/A       98%         3
 Ignite Poison            Fire/Tmut/Pois 0%         N/A       98%         3
 Inner Flame              Hex/Fire       0%         N/A       98%         3
 Lesser Beckoning         Tloc           0%         N/A       98%         3
 Mephitic Cloud           Conj/Pois/Air  0%         N/A       98%         3
 Ozocubu's Armour         Ice            0%         N/A       98%         3
 Portal Projectile        Hex/Tloc       0%         N/A       98%         3
 Spider Form              Tmut/Pois      0%         N/A       98%         3
 Stone Arrow              Conj/Erth      0%         3d7       98%         3
 Summon Guardian Golem    Hex/Summ       0%         N/A       98%         3
 Vampiric Draining        Necr           0%         2d6       98%         3
 Animate Armour           Summ/Erth      0%         N/A       100%        4
 Animate Dead             Necr           0%         N/A       100%        4
 Cause Fear               Hex            0%         N/A       100%        4
 Dispel Undead            Necr           0%         3d6       100%        4
 Hailstorm                Conj/Ice       0%         3d3       100%        4
 Ice Form                 Ice/Tmut       0%         N/A       100%        4
 Leda's Liquefaction      Hex/Erth       0%         N/A       100%        4
 Olgreb's Toxic Radiance  Pois           0%         N/A       100%        4
 Petrify                  Tmut/Erth      0%         N/A       100%        4
 Sticky Flame             Conj/Fire      0%         2d3       100%        4
 Summon Ice Beast         Ice/Summ       0%         N/A       100%        4
 Agony                    Necr           0%         N/A       100%        5
 Alistair's Intoxication  Tmut/Pois      0%         N/A       100%        5
 Blade Hands              Tmut           0%         N/A       100%        5
 Bolt of Magma            Conj/Fire/Erth 0%         4d4       100%        5
 Borgnjor's Vile Clutch   Necr/Erth      0%         N/A       100%        5
 Excruciating Wounds      Necr           0%         N/A       100%        5
 Fireball                 Conj/Fire      0%         3d3       100%        5
 Irradiate                Conj/Tmut      0%         3d13      100%        5
 Iskenderun's Battlesphe  Conj           0%         2d6       100%        5
 Metabolic Englaciation   Hex/Ice        0%         N/A       100%        5
 Silence                  Hex/Air        0%         N/A       100%        5
 Summon Forest            Summ/Tloc      0%         N/A       100%        5
 Yara's Violent Unravell  Hex/Tmut       0%         3d3       100%        5
 Death Channel            Necr           0%         N/A       100%        6
 Eringya's Noxious Bog    Tmut/Pois      0%         N/A       100%        6
 Hydra Form               Tmut           0%         N/A       100%        6
 Iron Shot                Conj/Erth      0%         9d1       100%        6
 Simulacrum               Ice/Necr       0%         N/A       100%        6
 Statue Form              Tmut/Erth      0%         N/A       100%        6
 Dragon Form              Tmut           0%         N/A       100%        7
 Malign Gateway           Summ/Tloc      0%         N/A       100%        7
 Orb of Destruction       Conj           0%         N/A       100%        7
 Spellforged Servitor     Conj/Summ      0%         N/A       100%        7
 Summon Hydra             Summ           0%         N/A       100%        7
 Borgnjor's Revivificati  Necr           0%         N/A       100%        8
 Chain Lightning          Conj/Air       0%         N/A       100%        8
 Discord                  Hex            0%         N/A       100%        8
 Disjunction              Tloc           0%         N/A       100%        8
 Lehudib's Crystal Spear  Conj/Erth      0%         10d2      100%        8
 Absolute Zero            Ice            0%         ∞         100%        9
 Fire Storm               Conj/Fire      0%         5d1       100%        9
 Shatter                  Erth           0%         3d5*      100%        9


Dungeon Overview and Level Annotations

Branches:
Dungeon (15/15)            Temple (1/1) D:5            Lair (6/6) D:8
 Shoals (4/4) Lair:2        Snake (4/4) Lair:3        Slime (0/5) Lair:6
    Orc (2/2) D:12            Elf (2/3) Orc:2        Vaults (5/5) D:13
  Crypt (3/3) Vaults:3       Tomb (0/3) Crypt:3      Depths (5/5) D:15
    Zot (5/5) Depths:5     Bailey (visited)

Altars:
Ashenzari
Cheibriados
Dithmenos
Elyvilon
Fedhas
Gozag
Hepliaklqana
Kikubaaqudgha
Makhleb
Nemelex Xobeh
Okawaru
Qazlal
Ru
Sif Muna
Trog
Uskayaw
Vehumet
Wu Jian
Xom
Yredelemnul
Zin
The Shining One
Beogh

Shops:
D:5 !   D:6 ?   D:9 [   D:13 *[((   Orc:2 *[:(   Elf:1 :   Elf:2 [   Shoals:1 !
Snake:1 =:=   Vaults:1 !=   Depths:1 ([   Depths:2 !*?=   Depths:4 =

Portals:
Hell: Depths:1 Depths:2 Depths:3 Depths:4 Depths:5
Abyss: Depths:4
Pandemonium: Depths:3
Ziggurat: Depths:4
Trove: D:11 (give 6 scrolls of fog)

Annotations:
D:4 2 transporters, jasper's ghost, amateur DsWr
D:6 exclusion: 2 goblins
D:7 1 runed translucent door
Snake:2 1 runed translucent door, Vusiosyu's ghost, adept TeGl
Elf:2 5 runed translucent doors


Innate Abilities, Weirdness & Mutations

You have razor-sharp teeth.
Your natural rate of healing is unusually fast.
When hurt, damage is shared between your health and your magic reserves.
Your bite disrupts and absorbs the magic of your enemies.
Potions cannot restore your health.


Message History

The rust devil moves out of view.
There is a stone staircase leading up here.
You climb upwards.
There is a stone staircase leading down here.
An Orb Guardian comes into view.
You hit the Orb Guardian.
You envenom the Orb Guardian!
The Orb Guardian is poisoned.
You bite the Orb Guardian, but do no damage.
You hit the Orb Guardian but do no damage.
You envenom the Orb Guardian.
The Orb Guardian looks even sicker.
The Orb Guardian hits you but does no damage.
You thump the Orb Guardian!
You envenom the Orb Guardian.
The Orb Guardian looks even sicker.
You bite the Orb Guardian. You drain its power. You sock the Orb Guardian!
You envenom the Orb Guardian!
The Orb Guardian looks as sick as possible!
You bite the Orb Guardian. You drain its power.
You block the Orb Guardian's attack.
You sock the Orb Guardian!
You envenom the Orb Guardian!
You kill the Orb Guardian!
Fedhas accepts your kill.
There is a stone staircase leading up here.
You climb upwards.
There is a stone staircase leading down here.
You see here a bat skeleton.
There is a stone staircase leading up here.
You climb upwards.
There is a stone staircase leading down here.
A green death comes into view.
Unknown command.
The green death gestures at you.
A rock wall.
This square is covered in magical glow.
The rock shatters into small pieces.
Fedhas protects your plant from harm.
A hellephant comes into view.
You cannot walk through the dense trees.
You cannot walk through the dense trees.
There is a staircase leading out of the dungeon here.
You have escaped!

##...##.♣♣P.P♣......≈≈≈≈#
##'''#########♣.♣)..(≈≈≈#
.#...#########P......≈≈≈#
............##......≈≈≈≈#
........###.##P.....≈≈≈≈#
.######.# #.#.Y......≈≈≈#
.# #.###..#♣♣.....≈≈≈# .#
#.##..## ♣♣...♣≈≈≈# .#
#.##.## ♣@P..♣≈≈≈# .#
#.##.# ♣♣♣♣♣♣≈≈≈# ##
#.##.# ♣♣♣≈# #.##.# ≈#
#.##.# ≈# #.##2# ♣#
######.##.# #......##.#
#.#######.#


There were no monsters in sight!

Vanquished Creatures
  4 ancient liches
  Khufu (Crypt:1)
  6 dread liches
  An orb of fire (Zot:5)
  Mara (Shoals:4)
  2 royal mummies (Crypt:1)
  Boris (twice) (Crypt:1 Vaults:5)
  3 Killer Klowns (Zot:5)
  Xtahua (Depths:5)
  A curse toe (Zot:5)
  Jory (Crypt:2)
  Nikola (Vaults:3)
  2 bone dragons (Depths:5)
  4 golden dragons
  An electric golem (Zot:5)
  Jorgrun (Snake:1)
  10 liches
  2 tentacled monstrosities (Vaults:5)
  3 titans (Vaults:5)
  27 Orb Guardians
  An Executioner (D:6)
  4 quicksilver dragons
  2 death cobs (Zot:3)
  5 ancient champions
  Polyphemus (Shoals:3)
  5 sphinxes
  Kirke (D:15)
  Agnes (Snake:4)
  10 shadow dragons
  12 storm dragons
  7 tengu reavers
  10 nagarajas
  A draconian monk (Depths:5)
  10 frost giants
  7 fire giants
  3 deep elf sorcerers (Vaults:5)
  4 orc warlords
  16 vault wardens
  An iron dragon (Depths:1)
  A caustic shrike zombie (D:15)
  3 draconian scorchers
  2 ghost moths (Zot:5)
  Aizul (Snake:1)
  A balrug (Depths:2)
  4 curse skulls
  Louise (Shoals:1)
  A draconian annihilator (Zot:5)
  3 ghouls (Crypt:1)
  19 very ugly things
  24 ironbound preservers
  A draconian shifter (Zot:5)
  A war gargoyle (Vaults:5)
  A green draconian (Depths:5)
  A reaper (Crypt:2)
  A caustic shrike skeleton (D:15)
  A deep elf annihilator (Vaults:5)
  6 vampire knights
  A deep elf demonologist (Elf:1)
  23 stone giants
  4 red draconians (Zot:5)
  4 white draconians
  4 dire elephants
  5 black draconians
  An entropy weaver (Vaults:3)
  3 yellow draconians
  Azrael (Snake:1)
  2 purple draconians
  4 deep elf death magi
  6 merfolk javelineers
  5 eidola
  3 crystal guardians (Vaults:4)
  8 merfolk impalers
  5 fire dragons
  12 ettins
  An ettin (shapeshifter) (Depths:2)
  6 jiangshi (Crypt:2)
  13 yaktaur captains
  2 deep elf high priests
  2 great orbs of eyes
  17 naga warriors
  A kraken zombie (Crypt:3)
  2 boulder beetles
  8 ice dragons
  A peacekeeper (Vaults:4)
  2 rakshasas
  7 merfolk avatars
  6 ironbound thunderhulks
  An ogre mage (D:11)
  11 hydras
  36 vault guards
  4 alligator snapping turtles
  2 spriggan air magi
  5 centaur warriors
  21 anacondas
  5 death knights
  14 ironbound frosthearts
  3 catoblepae
  3 merfolk aquamancers
  6 tengu warriors
  9 death yaks
  A satyr (Shoals:2)
  5 vampire magi
  7 dancing weapons
  9 deep troll shamans
  5 ironbound beastmasters
  8 shock serpents
  8 two-headed ogres
  5 deep troll earth magi
  A hell knight (Depths:4)
  2 sun demons (Depths:2)
  6 orc high priests
  Sonja (D:13)
  4 spriggan berserkers
  8 naga sharpshooters
  6 deep elf knights
  9 iron trolls
  9 sea snakes
  8 flayed ghosts
  A death drake (shapeshifter) (Vaults:5)
  9 salamander mystics
  35 skeletal warriors
  3 unseen horrors
  A golden dragon zombie (Crypt:2)
  4 glowing orange brains
  9 naga ritualists
  57 deep trolls
  13 deep elf archers
  An orange crystal statue (Elf:2)
  A golden dragon skeleton (Depths:4)
  13 wizards
  20 harpies
  21 ironbound convokers
  10 lindwurms
  10 deep elf pyromancers
  24 orc knights
  11 deep elf zephyrmancers
  11 phantasmal warriors
  11 mana vipers
  11 necromancers
  5 orc sorcerers
  2 cyclopes (shapeshifter)
  39 ugly things
  4 cyclopes
  An eleionoma zombie (Crypt:1)
  A tengu skeleton (Depths:4)
  A frost giant zombie (Crypt:3)
  17 salamanders
  18 manticores
  11 moths of wrath
  2 frost giant skeletons
  An iron dragon skeleton (Crypt:2)
  13 fauns
  26 naga magi
  A goliath frog skeleton (Crypt:2)
  46 black mambas
  17 vault sentinels
  A black mamba (shapeshifter) (Vaults:5)
  8 guardian serpents
  6 centaur zombies
  A water nymph (shapeshifter) (Depths:5)
  8 merfolk sirens
  A spriggan zombie (Depths:4)
  An orange demon (Depths:5)
  A torpor snail (Lair:3)
  5 water nymphs
  21 elephants
  2 spectral iron trolls (Crypt:1)
  An alligator snapping turtle zombie (Crypt:3)
  A smoke demon (Depths:1)
  4 centaur skeletons (D:15)
  3 gargoyles
  An elf skeleton (Depths:4)
  7 rime drakes
  12 komodo dragons
  33 yaktaurs
  A komodo dragon (shapeshifter) (Vaults:5)
  13 cane toads
  A death yak zombie (Crypt:2)
  An efreet (D:11)
  2 kobold demonologists (D:15)
  A white draconian skeleton (Crypt:1)
  A yaktaur (shapeshifter) (Elf:2)
  9 freezing wraiths
  2 tengu conjurers (D:13)
  A purple draconian skeleton (Crypt:1)
  4 guardian mummies (Crypt:3)
  A spectral deep troll (Crypt:1)
  6 polar bears
  28 merfolk
  7 trolls
  A jumping spider (shapeshifter) (Elf:1)
  A jumping spider (Vaults:3)
  9 hornets
  2 satyr zombies
  5 wind drakes
  7 slime creatures
  21 blink frogs
  6 dream sheep (Lair:6)
  A tarantella zombie (Crypt:2)
  A hydra skeleton (Crypt:3)
  An iron dragon simulacrum (Depths:4)
  An ice dragon zombie (Crypt:3)
  2 guardian serpent zombies
  13 snapping turtles
  A dream sheep (shapeshifter) (Vaults:5)
  An alligator skeleton (Crypt:2)
  2 redbacks (Vaults:3)
  A deep troll skeleton (D:15)
  An ettin skeleton (D:15)
  15 spriggans
  4 air elementals
  14 water elementals
  3 wyverns
  A dire elephant simulacrum (Crypt:2)
  62 yaks
  A vampire (D:14)
  2 shadows (D:15)
  9 wraiths
  A tarantella (Vaults:3)
  3 hogs (D:15)
  An elf zombie (Depths:4)
  A yak (shapeshifter) (D:15)
  2 vampire mosquitoes (D:15)
  3 basilisks
  6 fire elementals
  A hog (shapeshifter) (Elf:1)
  A human (D:13)
  Menkaure (D:6)
  A wind drake skeleton (Crypt:2)
  Edmund (D:5)
  An acid dragon (D:15)
  44 nagas
  3 wargs
  2 soldier ants (D:7)
  16 water moccasins
  Duvessa (D:6)
  A floating eye (Depths:2)
  An infernal demonspawn skeleton (Crypt:2)
  6 hell hounds
  10 black bears
  9 ice beasts
  67 orc warriors
  4 boggarts (Lair:6)
  A blink frog zombie (Crypt:1)
  4 necrophages (Crypt:1)
  11 ogres
  25 wolves (Lair:6)
  20 centaurs
  A manticore skeleton (Crypt:1)
  3 phantoms
  9 kobold brigands
  Blork the orc (D:5)
  5 gnoll sergeants (D:12)
  A glowing shapeshifter simulacrum (Depths:4)
  16 bullfrogs
  A water moccasin zombie (Crypt:1)
  A wyvern zombie (D:12)
  Dowan (D:6)
  9 earth elementals
  A hornet simulacrum (D:10)
  A scorpion (D:13)
  19 killer bees
  25 wights
  3 howler monkeys (D:11)
  2 electric eels (D:10)
  A bullfrog zombie (D:11)
  A quasit (D:12)
  7 jellies
  2 human zombies (Crypt:1)
  39 orc priests
  5 hounds
  2 human skeletons (Crypt:1)
  2 bullfrog skeletons
  6 iguanas
  27 orc wizards
  13 worker ants
  2 centaur simulacra (D:10)
  A killer bee zombie (Crypt:3)
  A sky beast zombie (Crypt:3)
  A hound zombie (D:10)
  An acid dragon skeleton (Crypt:3)
  4 hound skeletons
  7 mummies (Crypt:1)
  Robin (D:3)
  22 gnolls
  12 adders
  A howler monkey skeleton (D:11)
  A shadow imp (D:7)
  10 white imps
  A worker ant simulacrum (D:10)
  2 ufetubi (D:7)
  An adder skeleton (D:6)
  4 worms
  2 dart slugs
  An adder simulacrum (D:10)
  5 leopard geckos
  104 orcs
  4 bats (D:2)
  6 giant cockroaches
  A goblin (shapeshifter) (Vaults:3)
  11 hobgoblins
  11 jackals
  3 quokkas
  5 frilled lizards
  20 goblins
  A jackal skeleton (Crypt:3)
  34 kobolds
  7 rats
  A river rat zombie (Crypt:1)
  5 ballistomycete spores
  2 tentacles (Crypt:3)
2239 creatures vanquished.

Vanquished Creatures (collateral kills)
  3 harpies (Shoals:4)
  A merfolk siren (Shoals:4)
  2 merfolk (Shoals:4)
  A sky beast (D:6)
  Ijyb (D:5)
  A worker ant (D:7)
  150 ballistomycete spores
159 creatures vanquished.

Vanquished Creatures (others)
  An ancient lich (Zot:5)
  A spriggan air mage (Depths:4)
  An anaconda (Snake:2)
  A vampire mage (Depths:2)
  2 deep elf knights
  An unseen horror (D:11)
  An orc knight (Bailey)
  A spriggan (Lair:6)
  A water moccasin (Lair:6)
  2 orc warriors (Vaults:5)
  2 wolves (Lair:6)
  An orc (Vaults:5)
  A goblin (Bailey)
  A hobgoblin (Bailey)
  A kobold (Bailey)
  13 ballistomycete spores
  29 fungi
  121 plants
  2 tentacles (Crypt:3)
  7 withered plants (D:15)
190 creatures vanquished.

Grand Total: 2588 creatures vanquished

Notes
Turn   | Place    | Note
-------+----------+-------------------------------------------
     0 | D:1      | ardl the Vine Stalker Monk began the quest for the Orb.
     0 | D:1      | Reached XP level 1. HP: 11/11 MP: 2/2
   428 | D:1      | Reached XP level 2. HP: 16/16 MP: 3/3
  1982 | D:2      | Reached XP level 3. HP: 19/19 MP: 4/4
  2589 | D:2      | Gained mutation: Your natural rate of healing is unusually
                  | fast. [Vine Stalker growth]
  2589 | D:2      | Reached XP level 4. HP: 12/23 MP: 5/5
  2999 | D:3      | Reached skill level 5 in Long Blades
  2999 | D:3      | Reached XP level 5. HP: 10/27 MP: 4/6
  3947 | D:3      | Noticed Robin
  3988 | D:3      | Killed Robin
  3989 | D:3      | Reached skill level 1 in Short Blades
  4397 | D:4      | Found a radiant altar of Vehumet.
  4407 | D:4      | Noticed jasper's ghost (amateur DsWr)
  4502 | D:4      | Found a transporter.
  4516 | D:4      | Reached XP level 6. HP: 28/32 MP: 7/7
  4557 | D:4      | Found a transporter.
  5258 | D:5      | Entered Level 5 of the Dungeon
  5426 | D:5      | Noticed Ijyb
  5534 | D:5      | Found a staircase to the Ecumenical Temple.
  5556 | D:5      | Reached XP level 7. HP: 35/35 MP: 8/8
  5558 | Temple   | Entered the Ecumenical Temple
  5678 | Temple   | Became a worshipper of Fedhas Madash
  5678 | Temple   | Reached * piety under Fedhas
  5678 | Temple   | Reached ** piety under Fedhas
  6000 | D:5      | Noticed Blork the orc
  6006 | D:5      | Killed Blork the orc
  6007 | D:5      | Reached skill level 5 in Short Blades
  6165 | D:5      | Found Gipar's Distillery.
  6169 | D:5      | Bought a potion of haste for 140 gold pieces
  6173 | D:5      | Noticed Edmund
  6187 | D:5      | Killed Edmund
  6384 | D:5      | Killed Ijyb
  6385 | D:5      | Gained mutation: You have razor-sharp teeth. [Vine Stalker
                  | growth]
  6385 | D:5      | Reached XP level 8. HP: 39/39 MP: 6/9
  6554 | D:6      | Noticed Duvessa
  6554 | D:6      | Noticed Dowan
  6582 | D:6      | Killed Duvessa
  6597 | D:6      | Killed Dowan
  6773 | D:6      | Found Xeaceix's Magic Scroll Shop.
  6781 | D:6      | Bought a scroll of enchant armour for 105 gold pieces
  6813 | D:6      | Found an iron altar of Okawaru.
  6897 | D:6      | Noticed Menkaure
  6907 | D:6      | Killed Menkaure
  7236 | D:6      | Reached *** piety under Fedhas
  7320 | D:6      | Noticed Maggie
  7492 | D:6      | Noticed Maggie
  7492 | D:6      | Maggie changed into Maggie the sky beast
  7511 | D:6      | Killed Maggie the sky beast
  7800 | D:7      | You fall into a shaft and drop 2 floors!
  7813 | D:9      | Reached XP level 9. HP: 44/44 MP: 13/13
  8010 | D:8      | HP: 2/45 [orc priest/divine providence (8)]
  8105 | D:8      | Found a hazy altar of Hepliaklqana.
  8249 | D:8      | Found a flagged portal.
  8259 | Bailey   | Entered a bailey
  8279 | Bailey   | Noticed an orc knight
  8300 | Bailey   | Killed an orc knight
  8301 | Bailey   | Reached skill level 5 in Fighting
  8317 | Bailey   | Reached skill level 5 in Dodging
  8338 | Bailey   | Reached XP level 10. HP: 32/51 MP: 10/14
  8720 | D:8      | Found a staircase to the Lair.
  8859 | D:8      | Found a shadowy altar of Dithmenos.
  8861 | D:8      | Found a sparkling altar of Nemelex Xobeh.
  8861 | D:8      | Found a snail-covered altar of Cheibriados.
  8960 | D:7      | Found the +9 staff of Olgreb {rPois∞}
  8963 | D:7      | Found a runed translucent door.
  9083 | D:7      | Reached **** piety under Fedhas
  9382 | D:7      | Found a runed translucent gate.
  9382 | D:7      | Found a runed translucent gate.
  9624 | D:7      | Found a runed translucent gate.
  9628 | D:7      | Found a runed translucent door.
  9668 | D:7      | Reached skill level 5 in Invocations
  9736 | D:7      | Reached skill level 1 in Armour
  9923 | D:9      | Found Doim's Antique Armour Shoppe.
  9951 | D:9      | Reached skill level 1 in Evocations
 10691 | D:10     | Entered Level 10 of the Dungeon
 10746 | D:10     | Noticed a red ugly thing
 10915 | D:9      | Killed a red ugly thing
 11043 | D:10     | Identified the Guide on Spatial Fire
 11111 | D:10     | Noticed a two-headed ogre
 11237 | D:10     | Killed a two-headed ogre
 11238 | D:10     | Reached skill level 5 in Evocations
 11238 | D:10     | Reached XP level 11. HP: 52/55 MP: 9/16
 11287 | D:10     | Noticed an unseen horror
 11308 | D:10     | Killed an unseen horror
 11885 | D:10     | Saving game... please wait.
 11934 | Lair:1   | Entered Level 1 of the Lair of Beasts
 11942 | Lair:1   | Reached skill level 5 in Staves
 11944 | Lair:1   | Reached ***** piety under Fedhas
 11991 | Lair:1   | Noticed an eight-headed hydra
 12297 | Lair:1   | Noticed a five-headed hydra
 12311 | Lair:1   | Killed a five-headed hydra
 12351 | Lair:1   | Reached XP level 12. HP: 50/64 MP: 14/17
 12524 | Lair:1   | Noticed a four-headed hydra
 12539 | Lair:1   | Killed a four-headed hydra
 12628 | Lair:1   | Noticed a six-headed hydra
 12644 | Lair:1   | Killed a six-headed hydra
 12821 | Lair:1   | Killed an eight-headed hydra
 13752 | Lair:2   | Found a staircase to the Shoals.
 14529 | Lair:3   | Found a staircase to the Snake Pit.
 14945 | Lair:3   | Reached XP level 13. HP: 70/70 MP: 17/19
 16293 | Lair:5   | Found the +3 Elemental Staff {rElec rF++ rC++ Will++ AC+5}
 16439 | Lair:5   | Reached skill level 10 in Fighting
 16439 | Lair:5   | Reached skill level 10 in Staves
 16802 | Lair:6   | Entered Level 6 of the Lair of Beasts
 16835 | Lair:6   | Reached XP level 14. HP: 37/77 MP: 9/21
 16918 | Lair:6   | Reached skill level 5 in Armour
 17072 | Lair:6   | Found a staircase to the Slime Pits.
 17421 | Lair:6   | Reached ****** piety under Fedhas
 17873 | Lair:6   | Noticed Nessos
 17874 | Lair:6   | Noticed Nessos
 17874 | Lair:6   | Nessos changed into Nessos the dream sheep
 17879 | Lair:6   | Killed Nessos the dream sheep
 18473 | D:11     | Reached skill level 1 in Shields
 18680 | D:11     | Reached XP level 15. HP: 78/82 MP: 22/22
 19228 | D:11     | Found a portal to a secret trove of treasure.
 19704 | D:12     | Found a staircase to the Orcish Mines.
 19827 | D:12     | Reached skill level 10 in Invocations
 20099 | D:13     | Found Goxivupn's General Store.
 20108 | D:13     | Reached skill level 10 in Evocations
 20220 | D:13     | Found Daolehuf's Antique Weapon Emporium.
 20316 | D:13     | Found Onge's Weapon Boutique.
 20393 | D:13     | Found Ivamp's Antique Armour Shoppe.
 20469 | D:13     | Bought a pair of distressingly furry boots for 228 gold
                  | pieces
 20469 | D:13     | Identified the -3 pair of boots "Eguecw Ysuon" {Will+} (You
                  | bought it in a shop on level 13 of the Dungeon)
 20569 | D:13     | Noticed Sonja
 20687 | D:13     | Killed Sonja
 21171 | D:13     | Found a gate to the Vaults.
 21267 | D:13     | Saving game... please wait.
 22224 | D:15     | Entered Level 15 of the Dungeon
 22434 | D:15     | Found a staircase to the Depths.
 22512 | D:15     | Reached XP level 16. HP: 36/88 MP: 21/24
 22639 | D:15     | Noticed Kirke
 22650 | D:15     | Killed Kirke
 23153 | D:15     | Found a sacrificial altar of Ru.
 23616 | Orc:1    | Entered Level 1 of the Orcish Mines
 23845 | Orc:2    | Entered Level 2 of the Orcish Mines
 24550 | Orc:2    | Found a staircase to the Elven Halls.
 25182 | Orc:2    | Found Xaept's Antique Armour Shoppe.
 25183 | Orc:2    | Found Xattynt's Antique Weapon Emporium.
 25185 | Orc:2    | Found Zenn's General Store.
 25185 | Orc:2    | Found Etazxig's Book Shoppe.
 25442 | Orc:2    | Bought a manual of Shields for 1766 gold pieces
 26139 | Snake:1  | Entered Level 1 of the Snake Pit
 26141 | Snake:1  | Found Atualaef's Jewellery Shop.
 26141 | Snake:1  | Found Jicid's Book Emporium.
 26142 | Snake:1  | Found Anoshae's Jewellery Shop.
 26206 | Snake:1  | Reached skill level 5 in Shields
 26324 | Snake:1  | Noticed Azrael
 26347 | Snake:1  | Killed Azrael
 26393 | Snake:1  | Identified the +7 plate armour of Gravitas {Int+2}
 26513 | Snake:1  | Noticed Aizul
 26547 | Snake:1  | Killed Aizul
 26564 | Snake:1  | Reached XP level 17. HP: 52/95 MP: 25/25
 26700 | Snake:1  | Reached skill level 10 in Shields
 27795 | Snake:1  | Noticed Jorgrun
 27804 | Snake:1  | Killed Jorgrun
 28339 | Snake:2  | Reached skill level 10 in Armour
 28672 | Snake:2  | Found a runed translucent door.
 28672 | Snake:2  | Found a shimmering altar of Xom.
 28672 | Snake:2  | Noticed Vusiosyu's ghost (adept TeGl)
 28976 | Snake:2  | You fall into a shaft and drop 1 floor!
 29675 | Snake:4  | Entered Level 4 of the Snake Pit
 29696 | Snake:4  | Reached XP level 18. HP: 77/100 MP: 22/26
 29780 | Snake:4  | Noticed Agnes
 29788 | Snake:4  | Killed Agnes
 30404 | Shoals:1 | Entered Level 1 of the Shoals
 30662 | Shoals:1 | Noticed Louise
 30687 | Shoals:1 | Killed Louise
 31112 | Shoals:1 | Found Mutruymm's Distillery.
 31135 | Shoals:1 | Bought a potion of haste for 160 gold pieces
 31135 | Shoals:1 | Bought a potion of haste for 160 gold pieces
 31135 | Shoals:1 | Bought a potion of haste for 160 gold pieces
 31135 | Shoals:1 | Bought a potion of mutation for 128 gold pieces
 31276 | D:6      | Bought a scroll of blinking for 105 gold pieces
 31276 | D:6      | Bought a scroll of blinking for 105 gold pieces
 31276 | D:6      | Bought a scroll of blinking for 105 gold pieces
 31276 | D:6      | Bought a scroll of teleportation for 42 gold pieces
 31356 | D:5      | Bought a potion of invisibility for 112 gold pieces
 31356 | D:5      | Bought a potion of haste for 140 gold pieces
 31356 | D:5      | Bought 2 potions of haste for 280 gold pieces
 31356 | D:5      | Bought a potion of cancellation for 112 gold pieces
 32912 | Shoals:3 | Noticed Polyphemus
 32938 | Shoals:3 | Killed Polyphemus
 33609 | Shoals:4 | Entered Level 4 of the Shoals
 33849 | Snake:4  | Reached XP level 19. HP: 106/106 MP: 27/29
 34461 | Snake:4  | Reached skill level 15 in Fighting
 34596 | Snake:4  | Got a serpentine rune of Zot
 35012 | Shoals:4 | Noticed Mara
 35015 | Shoals:4 | Noticed ardl's illusion
 35046 | Shoals:4 | Noticed ardl's illusion
 35056 | Shoals:4 | Killed Mara
 36007 | Shoals:3 | Reached XP level 20. HP: 50/113 MP: 5/30
 36153 | Shoals:4 | Got a barnacled rune of Zot
 36414 | Vaults:1 | Entered Level 1 of the Vaults
 36752 | Vaults:1 | You fall into a shaft and drop 1 floor!
 38032 | Vaults:1 | Reached skill level 10 in Dodging
 38267 | Vaults:1 | Found Jiluupeaje's Distillery.
 38289 | Vaults:1 | Bought a potion of resistance for 170 gold pieces
 38520 | Vaults:1 | Reached XP level 21. HP: 84/118 MP: 31/31
 38895 | Vaults:1 | Found Vulokiev's Jewellery Emporium.
 40122 | Vaults:3 | Identified a scroll of acquirement
 40145 | Vaults:3 | Acquired 981 gold pieces
 40271 | Vaults:1 | Bought the ring "Tuongybu" {rElec rN+ Will+ Slay+4} for
                  | 1720 gold pieces
 40376 | Vaults:3 | Found a staircase to the Crypt.
 40376 | Vaults:3 | Found a basalt altar of Yredelemnul.
 40376 | Vaults:3 | Found an ancient bone altar of Kikubaaqudgha.
 40389 | Vaults:3 | Noticed Nikola
 40404 | Vaults:3 | Killed Nikola
 41129 | Vaults:4 | Reached XP level 22. HP: 116/126 MP: 32/32
 41865 | Vaults:4 | Reached skill level 15 in Evocations
 42218 | Elf:1    | Entered Level 1 of the Elven Halls
 42503 | Elf:1    | HP: 5/126 [air elemental/tornado (5)]
 42872 | Elf:1    | Found Dephucuyt's Book Boutique.
 42879 | Elf:1    | Found the ring of the Hare {EV+8}
 43330 | Elf:2    | Found Xiss's Armour Emporium.
 43590 | Elf:2    | Found a huge runed translucent gate.
 43590 | Elf:2    | Found a huge runed translucent gate.
 43595 | Elf:2    | Found a huge runed translucent gate.
 43596 | Elf:2    | Found a huge runed translucent gate.
 43597 | Elf:2    | Found a huge runed translucent gate.
 43756 | Elf:2    | Found a radiant altar of Vehumet.
 43902 | Elf:2    | Found an ancient bone altar of Kikubaaqudgha.
 44224 | Depths:1 | Entered Level 1 of the Depths
 44309 | Depths:1 | Found Mudd's Antique Weapon Boutique.
 44314 | Depths:1 | Found Ykeamaox's Antique Armour Shop.
 44319 | Depths:1 | Found Intoc's Antique Armour Boutique.
 44325 | Depths:1 | Reached skill level 1 in Throwing
 44394 | Depths:1 | Bought a pair of runed boots for 322 gold pieces
 44508 | Depths:1 | Found a gateway to Hell.
 45280 | Depths:2 | Found Editzaaf's Assorted Antiques.
 45315 | Depths:2 | Reached skill level 5 in Throwing
 45438 | Depths:2 | Reached XP level 23. HP: 128/130 MP: 33/33
 45627 | Depths:2 | Found Buafiqir's Jewellery Emporium.
 45701 | Depths:2 | Reached skill level 15 in Armour
 45788 | Depths:2 | Found Xunkas's Magic Scroll Shoppe.
 45820 | Depths:2 | Noticed a golden dragon
 45839 | Depths:2 | Killed a golden dragon
 46075 | Depths:2 | Found Pueqann's Distillery.
 46634 | Depths:3 | Found the +6 Majin-Bo {vamp, MP+6 Int+6}
 46780 | Depths:3 | Found a one-way gate leading to the halls of Pandemonium.
 47068 | Depths:3 | Identified the +9 hand crossbow of Circular Logic {freeze,
                  | Str+2}
 47703 | Depths:4 | Found a one-way gate to the infinite horrors of the Abyss.
 48080 | Depths:4 | Reached skill level 10 in Throwing
 48234 | Depths:4 | Found a gateway to a ziggurat.
 48390 | Depths:4 | Found Lunyun's Jewellery Shoppe.
 48685 | Depths:4 | Reached XP level 24. HP: 136/136 MP: 33/33
 48869 | Depths:4 | Saving game... please wait.
 48869 | Depths:4 | Upgraded the game from 0.27-a0-660-g90476cec82 to
                  | 0.27-a0-668-gb5737ff2c0
 48883 | Depths:5 | Entered Level 5 of the Depths
 48913 | Depths:5 | Noticed Xtahua
 48934 | Depths:5 | Killed Xtahua
 49351 | Depths:5 | Found a gate to the Realm of Zot.
 49829 | Crypt:1  | Entered Level 1 of the Crypt
 50009 | Crypt:1  | Noticed Boris
 50028 | Crypt:1  | Killed Boris
 50333 | Crypt:1  | Noticed Khufu
 50333 | Crypt:1  | Noticed a royal mummy
 50337 | Crypt:1  | Noticed a royal mummy
 50345 | Crypt:1  | Killed a royal mummy
 50364 | Crypt:1  | Killed Khufu
 50374 | Crypt:1  | Killed a royal mummy
 50794 | Crypt:1  | Acquired 717 gold pieces
 51015 | Crypt:2  | Reached skill level 15 in Throwing
 51615 | Crypt:2  | Identified the +4 chain mail "Doseitow" {Int+5}
 51731 | Crypt:2  | Reached XP level 25. HP: 140/140 MP: 33/33
 51823 | Crypt:2  | Noticed Jory
 51840 | Crypt:2  | Killed Jory
 52282 | Crypt:3  | Entered Level 3 of the Crypt
 52422 | Crypt:3  | Found the +4 skin of Zhor {Englaciate rC+++ SInv}
 52569 | Crypt:3  | Found a staircase to the Tomb.
 52811 | Crypt:3  | Noticed an ancient lich
 52844 | Crypt:3  | Killed an ancient lich
 52849 | Crypt:3  | Noticed an ancient lich
 52883 | Crypt:3  | Killed an ancient lich
 52895 | Crypt:3  | Identified the Collected Works on Black Rites
 53161 | Crypt:3  | Identified the +2 chain mail of Kikubaaqudgha's Grace {rN+
                  | Dex+4 Slay-4 Stlth+}
 53162 | Crypt:3  | Saving game... please wait.
 53405 | Vaults:5 | Entered Level 5 of the Vaults
 53477 | Vaults:5 | Reached skill level 15 in Invocations
 53958 | Vaults:5 | Noticed a dread lich
 53969 | Vaults:5 | Killed a dread lich
 53981 | Vaults:5 | Reached XP level 26. HP: 145/145 MP: 36/36
 54176 | Vaults:5 | Identified the +1 chain mail "Manimnun" {rF+}
 54303 | Vaults:5 | Identified the +2 robe of Pig Faol {rPois rF- rC+ Int+4}
 54629 | Vaults:5 | Noticed a dread lich
 54637 | Vaults:5 | Noticed Boris
 54659 | Vaults:5 | Noticed a dread lich
 54665 | Vaults:5 | Killed a dread lich
 54680 | Vaults:5 | Killed Boris
 54816 | Vaults:5 | Found the +3 crown of Dyrovepreva {rElec Int+2 SInv}
 54848 | Vaults:5 | Killed a dread lich
 54976 | Vaults:5 | Acquired 935 gold pieces
 54997 | Vaults:5 | Identified the Almanac of the Escort
 55358 | Vaults:5 | Noticed a dread lich
 55375 | Vaults:5 | Killed a dread lich
 55472 | Vaults:5 | Got a silver rune of Zot
 55862 | Zot:1    | Entered Level 1 of the Realm of Zot
 56040 | Zot:5    | Entered Level 5 of the Realm of Zot
 56113 | Zot:5    | Reached XP level 27. HP: 146/148 MP: 36/36
 56594 | Zot:5    | Reached skill level 15 in Dodging
 56722 | Zot:5    | Noticed a dread lich
 56742 | Zot:5    | Killed a dread lich
 56855 | Zot:5    | Noticed an ancient lich
 56858 | Zot:5    | Killed an ancient lich
 56864 | Zot:5    | Noticed an ancient lich
 56894 | Zot:5    | Killed an ancient lich
 56960 | Zot:5    | Noticed an orb of fire
 57001 | Zot:5    | Killed an orb of fire
 57071 | Zot:5    | Noticed a dread lich
 57080 | Zot:5    | Killed a dread lich
 57245 | Zot:5    | Noticed an ancient lich
 57252 | Zot:5    | Killed an ancient lich
 57303 | Zot:5    | Got the Orb of Zot
 57947 | D:$      | Escaped with the Orb!

Illustrated notes

Levels and vault maps discovered:
D:1:      kennysheep_arrival_seaside, layout_loops_ring
D:2:      layout_rooms, minmay_distorted
D:3:      kennysheep_goblin_castle, layout_basic, uniq_robin
D:4:      layout_cave_pods, overflow_temple_1_default, gammafunk_ghost_arena,
          serial_forest, infiniplex_forest_clump_small, infiniplex_forest_split,
          infiniplex_forest_straight_2, infiniplex_forest_clump_medium,
          infiniplex_forest_clump_large, infiniplex_forest_zigzag_1
D:5:      layout_basic, minmay_temple_entry_wispy, serial_co_window_serial,
          co_window_paths_a, co_window_cross_1, co_window_corner_a,
          co_window_paths_a, co_window_paths_b, co_window_corner_a,
          co_window_2corner, co_window_corner_b, co_window_unsneaky_path_a,
          co_window_unsneaky_path_e, co_window_sun, serial_shops,
          kennysheep_mini_moat, uniq_edmund, uniq_blork_the_orc, uniq_ijyb
D:6:      minmay_inner_zag, layout_basic, kennysheep_okawaru_gauntlet,
          serial_shops, nicolae_shop_temple_entry_statues_fountains,
          uniq_duvessa, uniq_menkaure, uniq_maggie
D:7:      layout_cave_pods, minmay_guarded_unrand_staff_of_olgreb
D:8:      layout_basic, grunt_temple_overflow_open, lair_entry_dummy,
          enter_bailey_2
D:9:      layout_gridville, serial_shops, shop, st_stairs_12,
          minmay_misc_feat_five, chequers_serial_rivers_micro_c
D:10:     layout_cave_pools, serial_ice, serial_ice_d, serial_ice_j,
          serial_ice_n, serial_ice_m, serial_ice_b, serial_ice_e, serial_ice_o,
          serial_ice_g, serial_ice_a, serial_ice_c
D:11:     minmay_the_grid_square_5x5_4x4_mashed
          [minmay_the_grid_square_5x5_inner_i,
          minmay_the_grid_square_5x5_two_small,
          minmay_the_grid_square_5x5_checkered_statues,
          minmay_the_grid_square_5x5_v, minmay_the_grid_square_5x5_meh,
          minmay_the_grid_square_5x5_prize_rear_guard,
          minmay_the_grid_square_5x5_prize_itemx,
          minmay_the_grid_square_5x5_beaten_path,
          minmay_the_grid_square_5x5_fat_x,
          minmay_the_grid_square_5x5_prize_waves,
          minmay_the_grid_square_5x5_prize_pseudospiral,
          minmay_the_grid_square_5x5_comb, minmay_the_grid_square_5x5_checkered,
          minmay_the_grid_square_5x5_inset,
          minmay_the_grid_square_5x5_minivault,
          minmay_the_grid_square_5x5_tetrominoes], layout_rooms, enter_trove_6
D:12:     layout_cave_pools, kennysheep_orc_monster_closet_entryway
D:13:     layout_roguey, grunt_vaults_entry_fortified, serial_shops,
          nicolae_shop_crystal, nicolae_shop_statue_plus, nicolae_shop_stone,
          nicolae_shop_window_shopping, uniq_sonja
D:14:     layout_long_grid, kennysheep_cross_bottleneck
D:15:     gammafunk_depths_entry_grave, layout_loops_ring,
          nicolae_ru_sacrificial_ziggurat, uniq_kirke
Temple:   lightli_temple_of_artemis
Lair:1:   layout_gridlike, grunt_megastairs_5, minmay_lair_oklob_chamber
Lair:2:   layout_cave_pods, minmay_shoals_entry_lonely_mermaid
Lair:3:   layout_long_grid, minmay_snake_entry_guardpost_medium
Lair:4:   layout_long_grid, minmay_shattered_shrine, infiniplex_staircase_pool_2
Lair:5:   layout_cave_shapes
Lair:6:   minmay_lair_end_enchanted_forest, layout_misc_corridors,
          minmay_slime_entry_oklob_open, grunt_forest_small_clearing_treed,
          uniq_nessos
Shoals:1: layout_shoals, serial_shops, nicolae_shop_stone, uniq_louise
Shoals:2: layout_shoals, shoals_oasis
Shoals:3: layout_shoals, uniq_polyphemus
Shoals:4: shoals_end_simple, layout_shoals, uniq_mara
Snake:1:  kennysheep_snake, layout_onion, minmay_shop_grove, uniq_azrael,
          uniq_aizul, uniq_jorgrun
Snake:2:  layout_misc_corridors, ebering_ghost_xom
Snake:3:  layout_misc_corridors
Snake:4:  snake_pit_salamanders_mu, layout_misc_corridors, uniq_agnes
Orc:1:    layout_caves, basic_altar
Orc:2:    st_orc_congregation, layout_diamond_mine
Elf:1:    layout_gridlike, serial_shops, shop, minivault_28
Elf:2:    layout_gridlike, basic_altar, serial_shops, shop,
          amcnicky_mini_pool_small, corexii_hall_statues_t, guppyfry_elf_altar
Vaults:1: v_misc_5, v_alt_pattern_6, dpeg_vaults_pockets_of_resistance,
          nicolae_vaults_network_s, v_misc_33, v_misc_13, v_pattern_4,
          hangedman_vaults_stitches, v_misc_13, grunt_vaults_focal, v_misc_22,
          layout_vaults_maze, serial_shops, shop, nicolae_shop_trees
Vaults:2: nicolae_vaults_theta, hangedman_vaults_stagger, v_misc_9,
          nicolae_vaults_twisting_passages, nicolae_vaults_three_branches,
          ontoclasm_vaults_gallery, nicolae_vaults_shelves_hall,
          vaults_mumra_hex, ontoclasm_vaults_fault,
          nicolae_vaults_little_squares_1, vaults_room_ringed_pool,
          serial_ice_b, layout_vaults_big_room
Vaults:3: minmay_crypt_entry_necro_gods, nicolae_vaults_little_squares_6,
          v_misc_2, vaults_room_grid, nicolae_vaults_sealed_display,
          vaults_room_pool, special_room_vaults [special_room_orc],
          ontoclasm_vaults_pinch, layout_vaults_omnigrid, uniq_nikola
Vaults:4: nicolae_vaults_little_squares_3, vaults_room_fours,
          nicolae_vaults_network_barrier, v_misc_28,
          nicolae_vaults_diagonal_hallway_6, vaults_mumra_hexcomb,
          special_room_vaults [special_room_orc],
          nicolae_vaults_network_quinsquares
          [nicolae_vaults_network_quincunx_subvault,
          nicolae_vaults_network_quincunx_subvault,
          nicolae_vaults_network_quincunx_subvault,
          nicolae_vaults_network_quincunx_subvault], hangedman_vaults_corner,
          vaults_room_semicircle, nicolae_vaults_asterisk,
          nicolae_vaults_asterisk, ontoclasm_vaults_gateway,
          layout_vaults_omnibox
Vaults:5: serial_shops
Crypt:1:  layout_gridlike, skrybe_necro_troll_1,
          grunt_crypt_arrival_guarded_gate, grunt_megastairs_4, uniq_margery,
          uniq_boris, uniq_khufu
Crypt:2:  layout_catacombs, lemuel_statue_altar, uniq_jory
Crypt:3:  david_glass_crypt, layout_rooms, tomb_entry_simple_bobbens,
          minivault_14
Depths:1: layout_honeycomb, serial_glass, glass_columns_b, glass_columns_a,
          hell_entry, hangedman_cracks_in_the_wall, minmay_shop_star
Depths:2: evilmike_lava_path, layout_cave_pools, lightli_too_deep,
          nrook_mini_vaults, serial_shops, shop, nicolae_shop_crystal,
          nicolae_shop_trees, shop_fountains, grunt_decor_fettered,
          minmay_staircase_statues_hall_large
Depths:3: minmay_guarded_unrand_majin_bo, layout_gridlike,
          serial_sigils_hangedman_shear, pan_entry, hell_entry,
          serial_bayou_shore_a
Depths:4: minmay_angry_zag, layout_gridlike, enter_ziggurat_e, pf_coc_iceberg,
          solitary_fountain, abyss_entry, serial_shops, nicolae_shop_stone
Depths:5: evilmike_zot_entry_round, layout_cave_pools, hell_entry,
          hangedman_decor_riveting, minmay_microvault, uniq_xtahua
Zot:1:    layout_gridlike, st_stairs_8, guppyfry_library_mini
Zot:2:    layout_gridville, hangedman_elemental_corridor
Zot:3:    layout_twisted_circle
Zot:4:    layout_misc_corridors, st_single_dragon_hoard_3
Zot:5:    layout_misc_corridors

Skill      XL: |  1  2  3  4  5  6  7  8  9 10 11 12 13 14 15 16 17 18 19 20 21 22 23 24 25 26 27 |
---------------+----------------------------------------------------------------------------------+-----
Long Blades    | 3 4 5 |  5.4
Short Blades   | 2 4 6 7 8 9 |  9.3
Fighting       | 3 5 8 9 10 11 12 13 14 15 16 17 | 17.0
Invocations    | 4 6 8 10 12 16 17 18 | 18.5
Dodging        | 3 5 8 10 14 15 | 15.0
Armour         | 2 3 4 6 8 11 12 14 15 17 | 17.0
Evocations     | 5 6 8 10 11 12 14 16 17 | 17.0
Staves         | 5 9 11 12 | 12.0
Shields        | 2 9 12 13 14 | 14.0
Throwing       | 5 11 15 16 18 | 18.0
Stealth        | |  2.4

Action                   |  1- 3 |  4- 6 |  7- 9 | 10-12 | 13-15 | 16-18 | 19-21 | 22-24 | 25-27 || total
-------------------------+-------+-------+-------+-------+-------+-------+-------+-------+-------++-------
Melee: Falchion          |    91 |   100 |       |       |       |       |       |       |       ||   191
       Bite              |    26 |    93 |   112 |   171 |   322 |   519 |   476 |   916 |   784 ||  3419
       Short sword       |       |   141 |   333 |   162 |       |       |       |       |       ||   636
       Staff             |       |       |       |   311 |   831 |  1261 |   984 |  1717 |  1398 ||  6502
Throw: Dart              |       |       |     4 |       |       |       |       |       |       ||     4
       Javelin           |       |       |       |       |       |       |       |       |    36 ||    36
Invok: Wall of Briars    |       |       |     2 |     3 |     1 |     3 |       |       |       ||     9
       Grow Ballistomyce |       |       |     2 |     7 |     4 |    11 |     9 |     8 |       ||    41
       Grow Oklob        |       |       |       |       |     2 |       |     1 |       |     2 ||     5
Evoke: Wand              |       |       |     2 |     7 |    15 |     7 |     6 |     7 |     4 ||    48
       Staff of Olgreb   |       |       |       |    46 |   114 |   157 |    91 |    23 |    12 ||   443
       Lightning rod     |       |       |       |     3 |       |       |       |       |       ||     3
       Tin of tremorston |       |       |       |       |     2 |       |     3 |       |       ||     5
       Condenser vane    |       |       |       |       |     1 |     1 |     3 |       |       ||     5
  Use: Scroll            |       |    10 |     5 |    13 |     7 |     4 |     6 |     4 |    18 ||    67
       Potion            |       |       |     1 |     1 |       |       |     4 |     4 |     2 ||    12
 Stab: Sleeping          |     6 |     1 |     8 |       |     1 |       |       |       |     3 ||    19
       Invisible         |       |       |     5 |       |       |       |       |       |       ||     5
       Distracted        |       |       |       |       |     1 |       |       |       |     4 ||     5
       Confused          |       |       |       |       |       |     9 |     8 |     6 |       ||    23
       Petrified         |       |       |       |       |       |     5 |       |       |       ||     5
Armor: Robe              |     7 |       |       |       |       |       |       |       |       ||     7
       Leather armour    |     9 |    13 |    31 |       |       |       |       |       |       ||    53
       Scale mail        |       |    70 |    20 |       |       |       |       |       |       ||    90
       Swamp dragon scal |       |       |    50 |   215 |   357 |    91 |       |       |       ||   713
       Plate armour      |       |       |       |       |       |   441 |   407 |   595 |   283 ||  1726
       Shadow dragon sca |       |       |       |       |       |       |       |       |   120 ||   120
Dodge: Dodged            |    43 |   102 |   149 |   338 |   517 |   656 |   418 |   666 |   635 ||  3524
Block: Buckler           |       |       |       |       |   142 |   167 |       |       |       ||   309
       Kite shield       |       |       |       |       |       |   573 |   679 |   964 |   796 ||  3012
       Rpst.: Falchion   |     9 |    17 |       |       |       |       |       |       |       ||    26

Table legend: (Time is in decaauts)
 A = Elapsed time spent in this place.
 B = Non-inter-level travel time spent in this place.
 C = Inter-level travel time spent in this place.
 D = Time resting spent in this place.
 E = Time spent auto-exploring this place.
 F = Levels seen in this place.
 G = Mean time per level.
                   A        B        C        D        E       F      G
               +--------+--------+--------+--------+--------+-----+--------+
         Total |  55874 |  50391 |   5483 |   6131 |  31576 |  53 | 1054.2 |
       Dungeon |  17514 |  15611 |   1903 |   2255 |   9631 |  15 | 1167.6 |
        Temple |    137 |    121 |     16 |      0 |     96 |   1 |  137.0 |
          Lair |   6873 |   6046 |    827 |    518 |   4346 |   6 | 1145.5 |
        Shoals |   4450 |   4141 |    309 |    564 |   2548 |   4 | 1112.5 |
     Snake Pit |   4850 |   4267 |    583 |    675 |   2507 |   4 | 1212.5 |
  Orcish Mines |   2442 |   2154 |    288 |     48 |   1766 |   2 | 1221.0 |
   Elven Halls |   1812 |   1699 |    113 |    148 |   1259 |   2 |  906.0 |
        Vaults |   7606 |   6764 |    842 |    768 |   4130 |   5 | 1521.2 |
         Crypt |   3120 |   2956 |    164 |    270 |   1843 |   3 | 1040.0 |
        Depths |   5404 |   4985 |    419 |    595 |   3137 |   5 | 1080.8 |
           Zot |   1343 |   1328 |     15 |    249 |    284 |   5 |  268.6 |
        Bailey |    318 |    318 |      0 |     40 |     28 |   1 |  318.0 |
               +--------+--------+--------+--------+--------+-----+--------+

Top non-repeatable levels by time:
Vaults:5: 1919 daAuts
   Orc:2: 1761 daAuts
 Snake:1: 1757 daAuts
     D:1: 1746 daAuts
Vaults:1: 1681 daAuts
 Snake:4: 1565 daAuts
Vaults:3: 1495 daAuts
  Lair:6: 1444 daAuts
    D:13: 1427 daAuts
  Lair:1: 1400 daAuts
     D:3: 1343 daAuts
     D:2: 1323 daAuts
     D:6: 1315 daAuts
    D:15: 1304 daAuts
Vaults:2: 1269 daAuts
